 Dungeon Crawl Stone Soup version 0.30-a0-603-g51a0fb1b98 (webtiles) character file.

Game seed: 11691099440450141724

64563 Leeroy the Brawler (level 14, 0/223 HPs)
             Began as a Yellow Draconian Transmuter on Jan 7, 2023.
             Was the Champion of Wu Jian.
             Shot with an arrow by a naga sharpshooter (6 damage)
             ... on level 2 of the Snake Pit.
             The game lasted 01:02:13 (23139 turns).

Leeroy the Brawler (Yellow Draconian Transmuter)   Turns: 23139, Time: 01:02:14

Health: 0/223      AC:  7    Str: 13    XL:     14   Next: 72%
Magic:  29/29      EV: 18    Int: 18    God:    Wu Jian [******]
Gold:   901        SH:  0    Dex: 12    Spells: 7/17 levels left

rFire   . . .      SeeInvis .      - Unarmed
rCold   + + +      Faith    +    (shield currently unavailable)
rNeg    . . .      Spirit   .    (body armour unavailable)
rPois   +          Reflect  .    (helmet currently unavailable)
rElec   .          Harm     .    (cloak currently unavailable)
rCorr   .          Rampage  .    (gloves currently unavailable)
Will    +....                    (boots currently unavailable) Stlth
                                 n
                                   - Hermit's Pendant {Faith Invo=14 Evo=0 MP+5}
HPRegen 0.57/turn                u - +5 ring of evasion
MPRegen 0.21/turn                R - ring of protection from fire

@: berserking, exhausted, ice-form, very quick
A: freezing attack, amphibious, boosted hp, (spit acid), AC +8, large, unfitting
armour, (acidic bite), (cold-blooded), (acid resistance)
a: End Transformation, Renounce Religion, Wall Jump, Serpent's Lash, Heavenly
Storm


You were on level 2 of the Snake Pit.
You worshipped Wu Jian.
Wu Jian was exalted by your worship.
You were a creature of crystalline ice.
You visited 4 branches of the dungeon, and saw 18 of its levels.
You also visited: Sewer.

You collected 1223 gold pieces.
You spent 322 gold pieces at shops.

Inventory:

Hand Weapons
 E - the +3 flail of the Pharaoh's Fist {flame, rF++ Int+4}
   (You found it on level 4 of the Lair of Beasts)

   Int:       It affects your intelligence (+4).
   rF:        It greatly protects you from fire.
 Y - the +10 quarterstaff of the Forgotten Friends {freeze, rF++ Str+5}
   (You found it on level 2 of the Lair of Beasts)

   Str:       It affects your strength (+5).
   rF:        It greatly protects you from fire.
Missiles
 N - 2 curare-tipped darts
Armour
 x - a +1 pair of gloves (melded)
 y - a +1 pair of boots (melded)
 C - a +1 hat (melded)
 T - a +2 cloak of willpower (melded)
Jewellery
 k - a +4 ring of protection
 n - the Hermit's Pendant (around neck) {Faith Invo=14 Evo=0 MP+5}
   (You found it on level 2 of the Dungeon)

   [amulet of faith]

   It sets your invocations skill to 14 and your evocations skill to 0.
   It allows you to gain divine favour quickly.
   MP:        It affects your magic capacity (+5).
 q - a ring of see invisible
 u - a +5 ring of evasion (left front paw)
 H - an amulet of regeneration
 K - a ring of wizardry
 O - a ring of positive energy
 Q - a +6 ring of dexterity
 R - a ring of protection from fire (right front paw)
 S - an amulet of guardian spirit
 V - an amulet of magic regeneration
Wands
 f - a wand of flame (15)
 A - a wand of iceblast (29)
 D - a wand of charming (18)
 G - a wand of digging (7)
 W - a wand of mindburst (12)
Scrolls
 b - a scroll of amnesia
 c - 4 scrolls of identify
 d - 5 scrolls of enchant weapon
 h - 2 scrolls of fear
 m - 4 scrolls of poison
 o - 5 scrolls of noise
 r - 3 scrolls of vulnerability
 v - 2 scrolls of teleportation
 w - 4 scrolls of magic mapping
 z - 2 scrolls of fog
 B - a scroll of torment {unknown}
 F - a scroll of enchant armour
 L - 2 scrolls of butterflies
 P - a scroll of immolation {unknown}
Potions
 a - 4 potions of lignification
 e - 2 potions of might
 g - 2 potions of brilliance {unknown}
 i - a potion of mutation {unknown}
 j - 8 potions of curing
 l - 4 potions of haste
 p - a potion of berserk rage
 s - 5 potions of flight
 t - 6 potions of attraction
 I - a potion of resistance
 J - 2 potions of ambrosia {unknown}
 M - 2 potions of magic {unknown}
 U - 2 potions of degeneration {unknown}
 X - 2 potions of invisibility {unknown}
 Z - 2 potions of cancellation {unknown}


   Skills:
 - Level 11.3 Fighting
 - Level 10.1 Dodging
 - Level 7.1 Stealth
 - Level 17.0 Unarmed Combat
 - Level 2.3 Spellcasting
 + Level 11.9 Transmutations
 * Level 3.2 Air Magic
 - Level 0.6 Poison Magic


You had 7 spell levels left.
You knew the following spells:

 Your Spells              Type           Power      Damage    Failure   Level
a - Beastly Appendage     Tmut           90%        N/A       1%          1
b - Wereblood             Tmut           45%        N/A       1%          2
c - Spider Form           Tmut/Pois      24%        N/A       4%          3
d - Ice Form              Ice/Tmut       23%        N/A       16%         4

Your spell library contained the following spells:

 Spells                   Type           Power      Damage    Failure   Level
 Blink                    Tloc           4%         N/A       26%         2
 Call Canine Familiar     Summ           2%         N/A       45%         3
 Portal Projectile        Hex/Tloc       4%         N/A       45%         3
 Leda's Liquefaction      Hex/Erth       1%         N/A       86%         4
 Manifold Assault         Tloc           2%         N/A       86%         4
 Storm Form               Tmut/Air       14%        N/A       100%        7


Dungeon Overview and Level Annotations

Branches:
Dungeon (10/15)            Temple (1/1) D:6            Lair (5/5) D:8
  Swamp (0/4) Lair:3        Snake (2/4) Lair:3        Slime (0/5) Lair:4
    Orc (0/2) D:10          Sewer (visited)

Altars:
Ashenzari
Cheibriados
Dithmenos
Elyvilon
Fedhas
Gozag
Hepliaklqana
Kikubaaqudgha
Makhleb
Nemelex Xobeh
Okawaru
Qazlal
Ru
Sif Muna
Trog
Uskayaw
Vehumet
Wu Jian
Xom
Zin
The Shining One

Shops:
D:2 =   D:10 ([*

Portals:
Abyss: Lair:4

Annotations:
D:6 3 runed translucent doors, vineage's ghost, novice GrFi
Lair:4 2 transporters, Rafuutu's ghost, journeyman DDFi
Lair:5 2 runed translucent doors, exclusion: oklob plant
Snake:1 2 transporters, Sokuv's ghost, adept DECj


Innate Abilities, Weirdness & Mutations

You are a creature of crystalline ice.
You have a powerful freezing melee attack.
You are amphibious.
Your maximum health is increased.
Your armour is entirely melded.
You are incapable of wielding weapons or throwing items.
((You can spit globs of acid.))
((Your golden yellow scales are hard. (AC +8)))
You cannot fit into any form of body armour.
((You have acidic saliva.))
((You are cold-blooded and may be slowed by cold attacks.))
((You are resistant to acid. (rCorr)))


Message History

You feel yourself moving faster!
You feel mighty!
You feel sick.
You are no longer poisoned.
The anaconda bites you.
* * * LOW HITPOINT WARNING * * *
The anaconda constricts you.
* * * LOW HITPOINT WARNING * * *
The anaconda closely misses you. The anaconda constricts you.
* * * LOW HITPOINT WARNING * * *
The naga hits you with a +0 dire flail!
* * * LOW HITPOINT WARNING * * *
You barely miss the naga. The naga barely misses you.
The anaconda bites you but does no damage.
The anaconda constricts you.
* * * LOW HITPOINT WARNING * * *
You pummel the naga!! You freeze the naga!
The naga is almost dead.
You pummel the anaconda!! You freeze the anaconda!
The anaconda is severely wounded.
The anaconda bites you.
* * * LOW HITPOINT WARNING * * *
The anaconda constricts you.
* * * LOW HITPOINT WARNING * * *
The naga barely misses you. The naga closely misses you.
You squash the naga like an ant!!!
You freeze the naga.
You kill the naga!
The Council accepts your kill. The anaconda barely misses you.
The anaconda constricts you.
* * * LOW HITPOINT WARNING * * *
You hit the anaconda. You freeze the anaconda.
The anaconda is severely wounded.
Your surroundings suddenly seem different.
Something loses its grip on you.
A naga sharpshooter comes into view. It is wielding a +0 flail.
The naga sharpshooter shouts!
The naga sharpshooter unwields a +0 flail.
The naga sharpshooter wields a +0 shortbow.
The naga sharpshooter gestures wildly while chanting.
The naga sharpshooter magically shoots an arrow.
The arrow hits you.
You die...

#. .#
#. .#
###+###
.....
#...#
#...#
#.8.#
#...#
#..Y#
#...N.#
##+#.##
..# .##
##


You could see a naga sharpshooter.

Vanquished Creatures
  3 hydras
  4 naga warriors
  A death yak (Lair:2)
  3 naga sharpshooters (Snake:1)
  2 shock serpents
  2 naga ritualists (Snake:1)
  3 lindwurms (Lair:5)
  7 mana vipers (Snake:1)
  A salamander (Snake:2)
  23 elephants
  A guardian serpent (Snake:1)
  2 torpor snails
  3 molten gargoyles (Lair:5)
  21 black mambas
  A naga mage (Snake:1)
  16 cane toads
  5 rime drakes
  A kobold demonologist (D:10)
  14 komodo dragons
  2 trolls
  2 polar bears (Lair:5)
  22 blink frogs
  2 hornets
  9 dream sheep
  A spriggan (Lair:1)
  7 wyverns
  A wraith (D:9)
  22 yaks
  5 steam dragons
  9 basilisks
  11 nagas
  4 hell hounds (Lair:5)
  29 water moccasins
  2 orc warriors
  3 ice beasts
  A black bear (D:4)
  4 ogres
  3 centaurs
  27 wolves
  2 phantoms
  5 kobold brigands
  3 gnoll sergeants
  11 bullfrogs
  A scorpion (D:6)
  8 wights (D:8)
  16 killer bees
  2 howler monkeys
  5 lava snakes (Lair:5)
  3 hounds
  2 gnoll boudas
  A jelly (D:6)
  3 orc priests
  Jessica (D:2)
  3 iguanas (D:4)
  8 orc wizards
  8 hell rats
  A merfolk avatar (Sewer)
  A merfolk siren (Sewer)
  24 adders
  22 gnolls
  5 river rats
  A shadow imp (D:7)
  A white imp (D:4)
  2 worms
  A dart slug (D:1)
  33 orcs
  2 bats
  An endoplasm (D:3)
  4 giant cockroaches
  4 goblins
  3 hobgoblins
  2 jackals (D:2)
  18 kobolds
  7 quokkas
  4 ball pythons
  5 frilled lizards
  25 rats
527 creatures vanquished.

Vanquished Creatures (others)
  2 bushes (Lair:4)
  80 fungi
  121 plants
203 creatures vanquished.

Grand Total: 730 creatures vanquished

Notes
Turn   | Place    | Note
-------+----------+-------------------------------------------
     0 | D:1      | Leeroy the Draconian Transmuter began the quest for the
                  | Orb.
     0 | D:1      | Reached XP level 1. HP: 16/16 MP: 3/3
   231 | D:1      | Reached XP level 2. HP: 23/23 MP: 5/5
   728 | D:2      | Noticed Jessica
   731 | D:2      | Killed Jessica
   732 | D:2      | Reached skill level 4 in Unarmed Combat
   732 | D:2      | Reached XP level 3. HP: 13/28 MP: 4/6
   852 | D:2      | Found Warikh's Jewellery Shop.
   852 | D:2      | Found the Hermit's Pendant {Faith Invo=14 Evo=0 MP+5}
   995 | D:2      | Found a shimmering altar of Xom.
  1008 | D:2      | Identified the +8 hand axe of the Old World {venom, rPois
                  | rC- rN+++ Int-5}
  1408 | D:3      | Reached XP level 4. HP: 32/35 MP: 7/7
  1425 | D:3      | Reached skill level 1 in Stealth
  1617 | D:3      | Found a glowing drain.
  1631 | Sewer    | Entered a sewer
  1635 | Sewer    | Learned a level 2 spell: Wereblood
  1639 | Sewer    | Learned a level 3 spell: Spider Form
  1811 | Sewer    | Reached XP level 5. HP: 39/40 MP: 14/14
  1871 | Sewer    | Reached skill level 5 in Unarmed Combat
  2043 | Sewer    | Reached XP level 6. HP: 23/47 MP: 9/16
  2386 | D:3      | Found a sacrificial altar of Ru.
  2419 | D:3      | You fall into a shaft and drop 1 floor!
  2840 | D:4      | Reached skill level 6 in Unarmed Combat
  3388 | D:4      | Your scales start taking on a golden yellow colour.
  3388 | D:4      | Reached XP level 7. HP: 46/52 MP: 16/17
  3388 | D:4      | Gained mutation: You are resistant to acid. (rCorr) [Yellow
                  | Draconian growth]
  3758 | D:5      | Entered Level 5 of the Dungeon
  3774 | D:5      | Found a radiant altar of Vehumet.
  3786 | D:5      | Reached skill level 7 in Unarmed Combat
  4014 | D:5      | Found a blossoming altar of Fedhas.
  4024 | D:5      | Reached skill level 5 in Transmutations
  4357 | D:5      | Found a glowing golden altar of the Shining One.
  4535 | D:5      | Found an opulent altar of Gozag.
  4596 | D:6      | Learned a level 4 spell: Ice Form
  4601 | D:6      | Found a runed translucent gate.
  4601 | D:6      | Found a runed translucent gate.
  4603 | D:6      | Noticed vineage's ghost (novice GrFi)
  4604 | D:6      | Found a runed translucent gate.
  4605 | D:6      | Noticed a kobold demonologist
  4663 | D:6      | Reached skill level 8 in Unarmed Combat
  4663 | D:6      | Reached XP level 8. HP: 47/59 MP: 17/18
  4768 | D:6      | Found a staircase to the Ecumenical Temple.
  4782 | Temple   | Entered the Ecumenical Temple
  5043 | Temple   | Became a worshipper of the Wu Jian Council
  5325 | D:6      | Found a burning altar of Makhleb.
  5499 | D:6      | Reached skill level 9 in Unarmed Combat
  5965 | D:7      | Found a white marble altar of Elyvilon.
  6036 | D:7      | Found a glowing silver altar of Zin.
  6259 | D:7      | Reached * piety under Wu Jian
  6793 | D:8      | Reached skill level 10 in Unarmed Combat
  6793 | D:8      | Reached XP level 9. HP: 64/64 MP: 19/19
  6831 | D:8      | Noticed a death yak
  7184 | D:8      | Paralysed by a hornet for 1 turns
  7505 | D:9      | Reached skill level 11 in Unarmed Combat
  8026 | D:9      | Reached ** piety under Wu Jian
  8350 | D:9      | Reached skill level 12 in Unarmed Combat
  8549 | D:9      | Reached XP level 10. HP: 64/71 MP: 20/20
  9262 | D:8      | Noticed a death yak
  9265 | D:8      | Noticed a death yak
  9298 | D:8      | Found a staircase to the Lair.
  9423 | D:10     | Entered Level 10 of the Dungeon
  9513 | D:10     | Noticed a smoke demon
  9515 | D:10     | Noticed a rust devil
  9519 | D:10     | Reached *** piety under Wu Jian
  9585 | D:10     | Reached skill level 13 in Unarmed Combat
  9766 | D:10     | Found Roalal's Gadget Gallery.
  9949 | D:10     | Found Capoel's Armour Shoppe.
  9951 | D:10     | Found a staircase to the Orcish Mines.
  9955 | D:10     | Found Fuallor's Weapon Shoppe.
 10060 | D:10     | Bought a +2 cloak of willpower for 322 gold pieces
 10143 | D:10     | Noticed a gargoyle
 10811 | Lair:1   | Entered Level 1 of the Lair of Beasts
 10872 | Lair:1   | Reached **** piety under Wu Jian
 10901 | Lair:1   | Reached skill level 14 in Unarmed Combat
 10910 | Lair:1   | Noticed a spriggan rider
 10923 | Lair:1   | Reached XP level 11. HP: 33/77 MP: 21/21
 11087 | Lair:1   | Reached skill level 10 in Transmutations
 12217 | Lair:2   | Reached skill level 15 in Unarmed Combat
 12395 | Lair:2   | Noticed a wolf spider
 12397 | Lair:2   | Reached ***** piety under Wu Jian
 12668 | Lair:2   | Noticed a death yak
 12916 | Lair:2   | Identified the +10 quarterstaff of the Forgotten Friends
                  | {freeze, rF++ Str+5}
 12926 | Lair:2   | Killed a death yak
 13028 | Lair:2   | You fall into a shaft and drop 2 floors!
 13162 | Lair:4   | Found a staircase to the Slime Pits.
 13217 | Lair:3   | Reached skill level 16 in Unarmed Combat
 13217 | Lair:3   | Reached XP level 12. HP: 69/83 MP: 22/22
 13366 | Lair:3   | Found a staircase to the Snake Pit.
 13617 | Lair:3   | Found a staircase to the Swamp.
 14153 | Lair:3   | Reached skill level 17 in Unarmed Combat
 14539 | Lair:3   | Reached skill level 5 in Dodging
 15478 | Lair:4   | Identified the +3 flail of the Pharaoh's Fist {flame, rF++
                  | Int+4}
 15948 | Lair:4   | HP: 2/99 [cane toad (21)]
 16138 | Lair:4   | Found a transporter.
 16144 | Lair:4   | Reached XP level 13. HP: 66/89 MP: 23/23
 16589 | Lair:4   | Found a transporter.
 16977 | Lair:4   | Noticed Rafuutu's ghost (journeyman DDFi)
 16978 | Lair:4   | Found a one-way gate to the infinite horrors of the Abyss.
 17094 | Lair:5   | Entered Level 5 of the Lair of Beasts
 17098 | Lair:5   | Reached skill level 10 in Dodging
 17898 | Lair:5   | Reached skill level 5 in Fighting
 18850 | Lair:5   | Reached skill level 10 in Fighting
 18850 | Lair:5   | Gained mutation: You have acidic saliva. [Yellow Draconian
                  | growth]
 18850 | Lair:5   | Reached XP level 14. HP: 122/122 MP: 24/24
 19208 | Lair:5   | Found a large runed translucent door.
 19210 | Lair:5   | Found a large runed translucent door.
 19254 | Lair:5   | Reached ****** piety under Wu Jian
 20702 | Snake:1  | Entered Level 1 of the Snake Pit
 21606 | Snake:1  | Reached skill level 5 in Stealth
 21999 | Snake:1  | Noticed Sokuv's ghost (adept DECj)
 22000 | Snake:1  | Found a transporter.
 22009 | Snake:1  | Found a transporter.
 22051 | Snake:1  | Identified the +8 glaive of Evolution {flame, rN+ Will-
                  | Dex+6 Stlth+}
 22438 | Snake:2  | Reached skill level 1 in Air Magic
 23136 | Snake:2  | HP: 11/223 [anaconda (6)]
 23137 | Snake:2  | HP: 5/223 [constriction (3)]
 23139 | Snake:2  | Shot with an arrow by a naga sharpshooter

Illustrated notes

Levels and vault maps discovered:
D:1:      saegor_arrival_under_anarchy, layout_loops_ring, glass_columns_a,
          minmay_crystal_water
D:2:      layout_basic, basic_altar, serial_shops, shop, uniq_jessica
D:3:      layout_basic, mainiacjoe_overflow_24_doors, portal_sewer_entry_d
D:4:      layout_basic, kennysheep_generic_room_16
D:5:      layout_cave_pools, vehumet_crystals, amcnicky_altar_gilded,
          lemuel_doored_altar, lemuel_coloured_pillars_altar,
          hangedman_decor_lopped
D:6:      layout_rooms, mainiacjoe_overflow_paths, minmay_temple_entry_wispy,
          gammafunk_ghost_nasty_kobolds
D:7:      layout_basic, zin_statuary, elyvilon_altar_4
D:8:      layout_loops_corners, dpeg_lair_monsters, chequers_decorated_corner
D:9:      layout_basic
D:10:     layout_small_grid, dk_yredelemnul_ordeal, orc_david_3,
          nicolae_shop_gadgets
Temple:   oiseaux_autumnal_temple
Lair:1:   layout_roguey, st_stairs_8, grunt_forest_large_clearings,
          grunt_megastairs_3
Lair:2:   minmay_lair_venomous_thicket, layout_gridlike,
          grunt_forest_large_clearing_hut
Lair:3:   layout_cave_pods, swamp_mist, minmay_snake_entry_six_corridors,
          kennysheep_basilisk_garden
Lair:4:   layout_loops_ring, slime_entry_1, gammafunk_ghost_abyssal_escape
Lair:5:   cheibrodos_lair_end_hotspot, layout_cave_pods
Snake:1:  layout_cave_shapes, gammafunk_ghost_arena
Snake:2:  layout_misc_corridors, grunt_megastairs_1

Skill      XL: |  1  2  3  4  5  6  7  8  9 10 11 12 13 14 |
---------------+-------------------------------------------+-----
Dodging        | 2 3 8 10 | 10.1
Unarmed Combat | 4 5 6 8 10 12 14 16 17 | 17.0
Stealth        | 1 7 |  7.1
Transmutations | 3 4 5 6 8 9 11 | 11.9
Fighting       | 10 11 | 11.3
Air Magic      | 3 |  3.2
Spellcasting   | |  2.3
Poison Magic   | |  0.6

Action                   |  1- 3 |  4- 6 |  7- 9 | 10-12 | 13-15 || total
-------------------------+-------+-------+-------+-------+-------++-------
Melee: Unarmed           |    69 |   208 |   301 |   631 |   543 ||  1752
       Tailslap          |     8 |    19 |    14 |    12 |    16 ||    69
       Kick              |     5 |    22 |     2 |       |     6 ||    35
       Headbutt          |     5 |     7 |     1 |       |     3 ||    16
       Punch             |       |     7 |     7 |     2 |    10 ||    26
       Bite              |       |       |       |       |    12 ||    12
 Cast: Beastly Appendage |     4 |    13 |     2 |       |     1 ||    20
       Spider Form       |       |     8 |    17 |     5 |       ||    30
       Wereblood         |       |       |     3 |    13 |     5 ||    21
       Ice Form          |       |       |     9 |    52 |    43 ||   104
Invok: Lunge             |       |       |    17 |    45 |    48 ||   110
       Whirlwind         |       |       |    16 |   105 |   111 ||   232
       Serpent's Lash    |       |       |       |     8 |    10 ||    18
 Abil: Breathe Acid      |       |       |     5 |       |     3 ||     8
       Wall Jump         |       |       |     2 |    18 |    21 ||    41
       End Transformatio |       |       |       |       |     1 ||     1
Evoke: Wand              |       |       |       |       |     2 ||     2
  Use: Scroll            |       |     9 |    10 |     6 |     4 ||    29
       Potion            |       |     1 |       |     3 |     3 ||     7
 Stab: Sleeping          |     2 |     1 |     1 |     2 |     3 ||     9
       Distracted        |       |       |       |       |     1 ||     1
Armor: Skin              |    27 |    72 |    99 |   151 |    74 ||   423
Dodge: Dodged            |    38 |   133 |   231 |   307 |   283 ||   992

Table legend: (Time is in decaauts)
 A = Elapsed time spent in this place.
 B = Non-inter-level travel time spent in this place.
 C = Inter-level travel time spent in this place.
 D = Time resting spent in this place.
 E = Time spent auto-exploring this place.
 F = Levels seen in this place.
 G = Mean time per level.
                   A        B        C        D        E       F      G
               +--------+--------+--------+--------+--------+-----+--------+
         Total |  23006 |  21938 |   1068 |   4564 |  13078 |  19 | 1210.8 |
       Dungeon |   9552 |   9041 |    511 |    936 |   6331 |  10 |  955.2 |
        Temple |    468 |    429 |     39 |    168 |    240 |   1 |  468.0 |
          Lair |   9791 |   9361 |    430 |   2087 |   5522 |   5 | 1958.2 |
     Snake Pit |   2419 |   2331 |     88 |   1371 |    582 |   2 | 1209.5 |
         Sewer |    774 |    774 |      0 |      2 |    402 |   1 |  774.0 |
               +--------+--------+--------+--------+--------+-----+--------+

Top non-repeatable levels by time:
  Lair:5: 2807 daAuts
  Lair:4: 2379 daAuts
 Snake:1: 2375 daAuts
  Lair:3: 2119 daAuts
     D:9: 1733 daAuts
     D:8: 1571 daAuts
  Lair:1: 1382 daAuts
  Lair:2: 1102 daAuts
     D:4: 969 daAuts
     D:7: 840 daAuts
     D:6: 831 daAuts
     D:3: 797 daAuts
     D:5: 779 daAuts
   Sewer: 774 daAuts
    D:10: 733 daAuts
